 Dungeon Crawl Stone Soup version 0.25-a0-362-g90ccd6aac3 (webtiles) character file.

Game seed: 11655103884895319796, levelgen mode: deterministic

29393 peskyplumber the Peltast (level 13, 0/68 HPs)
             Began as a Gargoyle Fighter on Jan 4, 2020.
             Was the Champion of Okawaru.
             Killed by divine providence
             ... invoked by a meliai
              (12 damage)
             ... on level 5 of the Lair of Beasts.
             The game lasted 00:30:17 (16583 turns).

peskyplumber the Peltast (Gargoyle Fighter)        Turns: 16583, Time: 00:30:17

Health: 0/68       AC: 28    Str: 25    XL:     13   Next: 45%
Magic:  13/13      EV:  6    Int:  9    God:    Okawaru [******]
Gold:   715        SH: 15    Dex: 13    Spells: 12/12 levels left

rFire    x . .     SeeInvis .   z - +7 morningstar of Disorder {crush, rPois Dex+4}
rCold    + . .     Gourm    .   c - +0 shield
rNeg     + . .     Faith    .   y - +0 plate armour
rPois    ∞         Spirit   .   s - +1 helmet
rElec    +         Reflect  .   (no cloak)
rCorr    .         Harm     .   a - +2 pair of gloves
MR       .....                  J - +1 pair of boots of the Heavens {+Fly}
Stlth    ..........             (no amulet)
HPRegen  0.21/turn              n - ring of ice
MPRegen  0.13/turn              S - ring of flight

@: invisible
A: negative energy resistance 1, electricity resistance, unbreathing,
petrification resistance, rot immunity, AC +9
a: Heroism, Finesse, Renounce Religion, Evoke Flight


You were on level 5 of the Lair of Beasts.
You worshipped Okawaru.
Okawaru was exalted by your worship.
You were hungry.

You visited 3 branches of the dungeon, and saw 17 of its levels.

You collected 940 gold pieces.
You spent 225 gold pieces at shops.

Inventory:

Hand Weapons
 z - the +7 morningstar of Disorder (weapon) {crush, rPois Dex+4}
   (You bought it in a shop on level 5 of the Dungeon)

   It inflicts extra damage upon your enemies.
   It affects your dexterity (+4).
   It protects you from poison.
 T - a +7 morningstar of protection
Armour
 a - a +2 pair of gloves (worn)
 c - a +0 shield (worn)
 s - a +1 helmet (worn)
 y - a +0 plate armour (worn)
 J - the +1 pair of boots of the Heavens (worn) {+Fly}
   (Okawaru gifted it to you on level 11 of the Dungeon)

   It lets you fly.
Jewellery
 n - a ring of ice (left hand)
 S - a ring of flight (right hand)
Wands
 x - a wand of polymorph (10)
 C - a wand of paralysis (18)
 M - a wand of enslavement (7)
 O - a wand of disintegration (42)
 Q - a wand of iceblast (10)
Scrolls
 e - 4 scrolls of noise {unknown}
 g - 10 scrolls of remove curse
 h - 4 scrolls of teleportation {unknown}
 k - 4 scrolls of enchant weapon {unknown}
 o - 3 scrolls of blinking {unknown}
 p - 2 scrolls of fear {unknown}
 q - 7 scrolls of enchant armour
 r - 3 scrolls of random uselessness {unknown}
 v - 4 scrolls of amnesia
 B - a scroll of holy word {unknown}
 D - a scroll of vulnerability {unknown}
 F - 3 scrolls of immolation {unknown}
 G - a scroll of brand weapon {unknown}
 H - 2 scrolls of silence {unknown}
 K - 3 scrolls of fog {unknown}
 L - a scroll of torment {unknown}
 R - a scroll of magic mapping {unknown}
 U - 2 scrolls of identify
Potions
 b - 3 potions of berserk rage
 d - 3 potions of might
 i - a potion of heal wounds
 j - 4 potions of mutation
 l - 9 potions of curing
 m - a potion of cancellation {unknown}
 t - 3 potions of magic
 u - 3 potions of degeneration
 w - 4 potions of flight
 E - a potion of ambrosia {unknown}
 I - 2 potions of haste
 N - a potion of resistance {unknown}
 P - a potion of brilliance {unknown}
 V - a potion of lignification {unknown}
Comestibles
 f - 22 rations


   Skills:
 - Level 3.2 Fighting
 + Level 15.3 Maces & Flails
 - Level 3.2 Armour
 + Level 16.6 Shields


You had 12 spell levels left.
You didn't know any spells.
Your spell library contained the following spells:

 Spells                   Type           Power        Failure   Level  Hunger
 Confusing Touch          Hex            #.....       100%        1    ##.....
 Corona                   Hex            #......      100%        1    ##.....
 Shock                    Conj/Air       #...         100%        1    ##.....
 Summon Small Mammal      Summ           #...         100%        1    ##.....
 Call Imp                 Summ           #.......     100%        2    ###....
 Ensorcelled Hibernation  Hex/Ice        #.....       100%        2    ###....
 Swiftness                Chrm/Air       #.......     100%        2    ###....
 Call Canine Familiar     Summ           #.......     100%        3    ####...
 Confuse                  Hex            #.......     100%        3    ####...
 Dazzling Flash           Conj/Hex       #.....       100%        3    ####...
 Gell's Gravitas          Tloc           #.........   100%        3    ####...
 Static Discharge         Conj/Air       #.......     100%        3    ####...
 Summon Guardian Golem    Hex/Summ       #.......     100%        3    ####...
 Tukima's Dance           Hex            #.......     100%        3    ####...
 Airstrike                Air            #.........   100%        4    #####..
 Petrify                  Tmut/Erth      #.......     100%        4    #####..
 Summon Ice Beast         Ice/Summ       #.......     100%        4    #####..
 Summon Lightning Spire   Summ/Air       #.......     100%        4    #####..
 Bolt of Magma            Conj/Fire/Erth #.........   100%        5    ######.
 Irradiate                Conj/Tmut      #.........   100%        5    ######.
 Iskenderun's Battlesphe  Conj/Chrm      #.......     100%        5    ######.
 Lightning Bolt           Conj/Air       #.........   100%        5    ######.
 Metabolic Englaciation   Hex/Ice        #.........   100%        5    ######.
 Yara's Violent Unravell  Hex/Tmut       #.........   100%        5    ######.
 Hydra Form               Tmut           #.........   100%        6    #######
 Iron Shot                Conj/Erth      #.........   100%        6    #######
 Dragon Form              Tmut           #.........   100%        7    #######
 Orb of Destruction       Conj           #.........   100%        7    #######
 Spellforged Servitor     Conj/Summ      #.........   100%        7    #######
 Statue Form              Tmut/Erth      Unusable     N/A         6    N/A

Dungeon Overview and Level Annotations

Branches:
Dungeon (11/15)            Temple (1/1) D:6            Lair (5/6) D:10
 Shoals (0/4) Lair:4        Snake (0/4) Lair:3          Orc (0/2) D:9
  Slime: Lair:5-6

Altars:
Ashenzari
Cheibriados
Dithmenos
Elyvilon
Fedhas
Gozag
Hepliaklqana
Kikubaaqudgha
Makhleb
Nemelex Xobeh
Okawaru
Qazlal
Ru
Sif Muna
Trog
Uskayaw
Vehumet
Wu Jian
Xom
Yredelemnul
Zin
The Shining One

Shops:
D:5 (

Annotations:
D:6 exclusion: oklob plant
Lair:1 3 runed translucent doors, exclusion: 2 oklob plants, Shaidar's ghost, journeyman MiBe
Lair:3 1 runed translucent door, exclusion: 2 oklob plants
Lair:5 3 runed translucent doors, Teoryapn's ghost, journeyman DsFE


Innate Abilities, Weirdness & Mutations

You are resistant to torment.
Your stone body is resilient. (AC +9)
You are immune to poison.
You resist negative energy. (rN+)
You are resistant to electric shocks. (rElec)
You can survive without breathing.
You are immune to petrification.
You are immune to rotting.


Message History

The meliai stings you but does no damage.
The killer bee stings the fungus!
You hear an angry buzzing noise.
You block the killer bee's attack.
The meliai mumbles some strange prayers to its god against you.
Something smites you!
The killer bee stings the fungus.
You block the killer bee's attack. x2
The meliai invokes the aid of its god against you.
Something smites you!
* * * LOW HITPOINT WARNING * * *
The killer bee stings the fungus!
You fade into invisibility!
A killer bee comes into view.
You block the killer bee's attack.
The killer bee stings you but does no damage.
You block the killer bee's attack.
The killer bee stings the fungus!
The fungus is poisoned.
The killer bee poisons the fungus!
The meliai mumbles some strange prayers to its god against you.
Something smites you!
You die... #....
P .#... t. ###...# ## ..y ..P..###... ..#P....... yyyy.?. #yyy## #yyy#

#..#@y# ####..#
#.## #.## . #..# #
# ..##### #.##
.##.###
.#.P.#.#####..##
.......
.........##....###
.......
........+..........
.......


You could see 2 meliai and 10 killer bees.

Vanquished Creatures
  6 hydras
  3 two-headed ogres
  Urug (Lair:3)
  An unseen horror (D:11)
  A necromancer (D:10)
  An ugly thing (D:11)
  3 elephants
  3 black mambas
  5 spiny frogs
  2 komodo dragons
  A rime drake (Lair:5)
  A meliai (Lair:5)
  9 blink frogs
  4 dream sheep (Lair:4)
  7 hippogriffs
  34 yaks
  4 basilisks
  A naga (Lair:3)
  10 water moccasins
  6 porcupines
  An orc warrior (D:10)
  A black bear (D:9)
  3 phantoms
  2 necrophages
  3 ogres
  3 wolves (Lair:2)
  6 centaurs
  5 crocodiles
  A big kobold (D:10)
  A gnoll sergeant (D:11)
  9 bullfrogs
  A wyvern skeleton (D:9)
  5 scorpions
  24 killer bees
  3 howler monkeys
  4 wights (D:10)
  An electric eel (Lair:1)
  3 crimson imps
  3 bullfrog zombies (D:5)
  3 jellies (D:8)
  4 hounds
  4 bullfrog skeletons
  4 orc priests
  2 centaur skeletons
  A gnoll shaman (D:8)
  8 orc wizards
  3 iguanas
  Ijyb (D:3)
  2 polar bear simulacra (D:10)
  4 worker ants
  2 yak simulacra (D:10)
  2 killer bee zombies
  2 wolf simulacra (D:10)
  2 hound skeletons
  A howler monkey zombie (D:6)
  A worker ant zombie (D:5)
  11 gnolls
  13 adders
  2 shadow imps
  6 oozes
  2 adder skeletons
  6 worms
  4 dart slugs
  9 leopard geckos
  19 orcs
  3 bats
  9 giant cockroaches
  7 goblins
  4 hobgoblins
  2 jackals
  4 quokkas
  5 frilled lizards
  A jackal skeleton (D:4)
  11 kobolds
  2 leopard gecko skeletons (D:7)
  4 rats
  5 river rat simulacra (D:10)
  A butterfly (Lair:1)
  2 fungi (D:10)
360 creatures vanquished.

Vanquished Creatures (others)
  19 fungi
  15 plants
34 creatures vanquished.

Grand Total: 394 creatures vanquished

Notes
Turn   | Place    | Note
-------+----------+-------------------------------------------
     0 | D:1      | peskyplumber the Gargoyle Fighter began the quest for the
                  | Orb.
     0 | D:1      | Reached XP level 1. HP: 14/14 MP: 1/1
   223 | D:1      | Reached XP level 2. HP: 16/19 MP: 2/2
   891 | D:2      | Reached XP level 3. HP: 13/23 MP: 3/3
   913 | D:1      | Reached skill level 4 in Shields
  1431 | D:2      | Reached XP level 4. HP: 25/28 MP: 4/4
  1838 | D:3      | Found a sacrificial altar of Ru.
  1946 | D:3      | Found a hide-covered altar of Uskayaw.
  1950 | D:3      | Found a bloodstained altar of Trog.
  1952 | D:3      | Found a shimmering blue altar of Sif Muna.
  2060 | D:3      | Noticed Ijyb
  2070 | D:3      | Killed Ijyb
  2381 | D:3      | Found a faded altar of an unknown god.
  2806 | D:4      | Reached skill level 5 in Shields
  2806 | D:4      | Reached XP level 5. HP: 27/32 MP: 5/5
  2878 | D:4      | Reached XP level 6. HP: 35/37 MP: 6/6
  3048 | D:4      | Found a hazy altar of Hepliaklqana.
  3178 | D:5      | Entered Level 5 of the Dungeon
  3281 | D:5      | Reached skill level 5 in Maces & Flails
  3281 | D:5      | Reached skill level 6 in Shields
  3377 | D:5      | Found Buejegoq's Antique Weapon Emporium.
  3399 | D:5      | Reached XP level 7. HP: 41/41 MP: 7/7
  3408 | D:5      | Bought a bloodstained morningstar for 225 gold pieces
  3806 | D:4      | Identified the +7 morningstar of Disorder {crush, rPois
                  | Dex+4} (You bought it in a shop on level 5 of the Dungeon)
  3998 | D:5      | Reached skill level 7 in Shields
  4329 | D:6      | Reached XP level 8. HP: 46/46 MP: 8/8
  4353 | D:6      | Found a blossoming altar of Fedhas.
  4365 | D:6      | Noticed an oklob plant
  4537 | D:6      | Found a staircase to the Ecumenical Temple.
  4610 | D:6      | Found a stormy altar of Qazlal.
  4634 | D:6      | Reached skill level 8 in Shields
  5011 | Temple   | Entered the Ecumenical Temple
  5109 | Temple   | Became a worshipper of Warmaster Okawaru
  5161 | D:7      | Noticed a hippogriff
  5179 | D:7      | Killed a hippogriff
  5243 | D:7      | Found a snail-covered altar of Cheibriados.
  5350 | D:7      | Noticed a hippogriff
  5355 | D:7      | Killed a hippogriff
  5355 | D:7      | Reached * piety under Okawaru
  5355 | D:7      | Reached skill level 9 in Shields
  5364 | D:7      | Reached XP level 9. HP: 41/51 MP: 9/9
  5469 | D:7      | Got a twisted rapier
  6014 | D:8      | Noticed a two-headed ogre
  6019 | D:8      | Killed a two-headed ogre
  6019 | D:8      | Reached ** piety under Okawaru
  6019 | D:8      | Reached skill level 10 in Shields
  6266 | D:8      | Found a sparkling altar of Nemelex Xobeh.
  6500 | D:8      | Found a bloodstained altar of Trog.
  6936 | D:9      | Found a staircase to the Orcish Mines.
  7033 | D:9      | Noticed a two-headed ogre
  7295 | D:9      | Reached skill level 10 in Maces & Flails
  7295 | D:9      | Reached skill level 11 in Shields
  7295 | D:9      | Reached XP level 10. HP: 39/56 MP: 10/10
  7315 | D:9      | Reached *** piety under Okawaru
  8125 | D:10     | Entered Level 10 of the Dungeon
  8291 | D:10     | Reached **** piety under Okawaru
  8416 | D:9      | Reached skill level 12 in Shields
  9055 | D:10     | Found a staircase to the Lair.
  9079 | D:10     | Noticed a necromancer
  9096 | D:10     | Killed a necromancer
  9122 | D:10     | Reached ***** piety under Okawaru
  9300 | D:10     | Reached XP level 11. HP: 34/60 MP: 11/11
  9718 | D:10     | Reached skill level 13 in Shields
 10218 | D:11     | Noticed a two-headed ogre
 10248 | D:11     | Killed a two-headed ogre
 10248 | D:11     | Received a gift from Okawaru
 10332 | D:11     | Noticed a two-headed ogre
 10483 | D:11     | Killed a two-headed ogre
 10608 | D:11     | Noticed a purple ugly thing
 10618 | D:11     | Killed a purple ugly thing
 10618 | D:11     | Received a gift from Okawaru
 10619 | D:11     | Got a pair of encrusted boots {god gift}
 10625 | D:11     | Identified the +1 pair of boots of the Heavens {+Fly}
                  | (Okawaru gifted it to you on level 11 of the Dungeon)
 10688 | D:11     | Noticed a four-headed hydra
 10699 | D:11     | Killed a four-headed hydra
 10699 | D:11     | Reached skill level 14 in Shields
 11021 | D:11     | Killed an unseen horror
 11383 | Lair:1   | Entered Level 1 of the Lair of Beasts
 11664 | Lair:1   | Noticed an oklob plant
 11764 | Lair:1   | Noticed Shaidar's ghost (journeyman MiBe)
 11784 | Lair:1   | Found a runed translucent gate.
 11784 | Lair:1   | Found a runed translucent gate.
 11784 | Lair:1   | Found a runed translucent gate.
 11789 | Lair:1   | Reached XP level 12. HP: 43/64 MP: 12/12
 12650 | Lair:2   | Noticed a five-headed hydra
 12657 | Lair:2   | Killed a five-headed hydra
 12812 | Lair:2   | Reached skill level 15 in Shields
 13108 | Lair:2   | Reached ****** piety under Okawaru
 13209 | Lair:2   | Noticed a seven-headed hydra
 13221 | Lair:2   | Killed a seven-headed hydra
 13894 | Lair:3   | Noticed a seven-headed hydra
 13909 | Lair:3   | Killed a seven-headed hydra
 13930 | Lair:3   | Received a gift from Okawaru
 13987 | Lair:3   | Noticed an eight-headed hydra
 14061 | Lair:3   | Killed an eight-headed hydra
 14260 | Lair:3   | Found a staircase to the Snake Pit.
 14504 | Lair:3   | Noticed Urug
 14542 | Lair:3   | Killed Urug
 14542 | Lair:3   | Reached XP level 13. HP: 46/68 MP: 13/13
 14693 | Lair:3   | Found a runed translucent door.
 14719 | Lair:3   | Reached skill level 16 in Shields
 14911 | Lair:4   | Found a staircase to the Shoals.
 15361 | Lair:4   | Received a gift from Okawaru
 15449 | Lair:4   | Reached skill level 15 in Maces & Flails
 16525 | Lair:5   | Found a runed translucent gate.
 16525 | Lair:5   | Found a runed translucent gate.
 16526 | Lair:5   | Found a runed translucent gate.
 16527 | Lair:5   | Noticed Teoryapn's ghost (journeyman DsFE)
 16583 | Lair:5   | Killed from afar by a meliai

Levels and vault maps discovered:
D:1:      onia_arrival_mini_maze_b, layout_loops_ring, st_stairs_4
D:2:      layout_loops_cross, wander_ebering_terrifying_dragon_lair
D:3:      layout_basic, old_standard_altar, gammafunk_temple_overflow_forgotten,
          chequers_ecumenical_altar_grove, uniq_ijyb
D:4:      layout_rooms, lemuel_crystal_altar
D:5:      layout_basic, first_ration, serial_shops, shop, nrook_campfire
D:6:      layout_gridville, tgw_fedhas, kennysheep_little_box,
          minmay_temple_entry_mini_moons
D:7:      layout_loops_corners, marbit_many_paths
D:8:      layout_loops_ring, nemelex_xobeh_ov_fountains_minmay,
          hangedman_little_slice_of_home, trog_three_pillars_becter
D:9:      layout_roguey, orc_0_dummy
D:10:     layout_irregular_city, due_lair_maze_entry_diamond, st_stairs_4,
          chequers_serial_rivers_room_a, serial_bayou_pond_e,
          eino_house_with_fridge
D:11:     layout_rooms, kennysheep_big_empty_room
Temple:   dshaligram_water_room_temple
Lair:1:   layout_chaotic_city, gammafunk_ghost_split,
          cheibrodos_lair_reptile_den, minmay_lair_oklob_chamber,
          lemuel_fruit_fields, serial_bayou_shore_a, infiniplex_staircase_pool
Lair:2:   layout_cave_pods, grunt_megastairs_5
Lair:3:   minmay_lair_oklob_tunnel, layout_long_grid,
          guppyfry_snake_entry_island, pf_torpor_hydra, uniq_urug
Lair:4:   layout_cave_pods, shoals_dummy_entry
Lair:5:   layout_roguey [special_room_bee], gammafunk_ghost_hydra_chop

Skill      XL: |  1  2  3  4  5  6  7  8  9 10 11 12 13 |
---------------+----------------------------------------+-----
Shields        | 4 5 6 7 9 11 12 14 15 16 | 16.6
Maces & Flails | 3 4 5 6 8 10 11 13 14 15 | 15.3
Fighting       | |  3.2
Armour         | |  3.2

Action                   |  1- 3 |  4- 6 |  7- 9 | 10-12 | 13-15 || total
-------------------------+-------+-------+-------+-------+-------++-------
Melee: Flail             |   172 |   185 |    39 |       |       ||   396
       Unarmed           |       |     5 |       |       |       ||     5
       Morningstar       |       |       |   216 |   653 |   149 ||  1018
  Use: Scroll            |       |       |     3 |     9 |       ||    12
       Potion            |       |       |       |     5 |     1 ||     6
  Eat: Chunk             |     1 |     4 |     2 |     6 |       ||    13
       Ration            |       |     1 |     3 |     6 |     1 ||    11
Armor: Scale mail        |   103 |    44 |       |       |       ||   147
       Skin              |       |     1 |       |       |       ||     1
       Plate armour      |       |    57 |   144 |   477 |    88 ||   766
Dodge: Dodged            |    61 |    31 |    56 |   162 |    34 ||   344
Block: Shield            |    99 |    94 |   176 |   558 |   119 ||  1046

Table legend:
 A = Non-vault XP
 B = Vault XP
 C = Vault XP percentage of total XP
 D = Non-vault monster count
 E = Vault monster count
 F = Vault count percentage of total count
                 A         B        C        D         E       F
            +---------+---------+-------+---------+---------+-------
      Total |   36669 |    5321 |  12.7 |     309 |      48 |  13.4
            +---------+---------+-------+---------+---------+-------
        D:1 |      31 |       5 |  13.9 |      14 |       3 |  17.6
        D:2 |      65 |       3 |   4.4 |      26 |       1 |   3.7
        D:3 |      24 |      36 |  60.0 |       9 |       1 |  10.0
        D:4 |     324 |       0 |   0.0 |      14 |       0 |   0.0
        D:5 |     710 |       0 |   0.0 |      23 |       0 |   0.0
        D:6 |     311 |       0 |   0.0 |      10 |       0 |   0.0
        D:7 |     846 |      40 |   4.5 |      14 |       1 |   6.7
        D:8 |    1670 |     165 |   9.0 |      22 |       8 |  26.7
        D:9 |    2153 |       0 |   0.0 |      19 |       0 |   0.0
       D:10 |    2866 |    1823 |  38.9 |      42 |      21 |  33.3
       D:11 |    6297 |       0 |   0.0 |      37 |       0 |   0.0
     Lair:1 |    3153 |     492 |  13.5 |      16 |       7 |  30.4
     Lair:2 |    5204 |    1010 |  16.3 |      21 |       1 |   4.5
     Lair:3 |    4189 |    1411 |  25.2 |      12 |       3 |  20.0
     Lair:4 |    4789 |       0 |   0.0 |      18 |       0 |   0.0
     Lair:5 |    4037 |     336 |   7.7 |      12 |       2 |  14.3
            +---------+---------+-------+---------+---------+-------
